 Dungeon Crawl Stone Soup version 0.29.1-15-g9cfb28693d (webtiles) character file.

Game seed: 8900416528306926301

137 growler the Insei (level 5, -1/37 HPs)
             Began as a Merfolk Transmuter on May 2, 2023.
             Killed from afar by an orc wizard (9 damage)
             ... with a magic dart
             ... on level 3 of the Dungeon.
             The game lasted 00:07:12 (4477 turns).

growler the Insei (Merfolk Transmuter)              Turns: 4477, Time: 00:07:12

Health: -1/37      AC:  2    Str: 10    XL:     5   Next: 20%
Magic:  9/9        EV: 12    Int: 14    God:
Gold:   253        SH:  0    Dex: 15    Spells: 0/10 levels left

rFire   . . .      SeeInvis .     - Unarmed
rCold   . . .      Faith    .   (no shield)
rNeg    . . .      Spirit   .   a - +0 robe
rPois   .          Reflect  .   (helmet currently unavailable)
rElec   .          Harm     .   (no cloak)
rCorr   .          Rampage  .   (no gloves)
Will    .....                   (boots currently unavailable)
Stlth   +.........              (no amulet)
HPRegen 0.12/turn               (no ring)
MPRegen 0.11/turn               (no ring)

@: confused, appendages (expiring)
A: horns 2, (nimble swimmer 2), mertail
a: End Transformation


You were on level 3 of the Dungeon.
You had temporarily grown beastly horns.
You visited 1 branch of the dungeon, and saw 4 of its levels.

You collected 253 gold pieces.

Inventory:

Armour
 a - a +0 robe (worn)
Jewellery
 h - a ring of see invisible
Scrolls
 d - 2 scrolls of identify {unknown}
 e - 2 scrolls of fear {unknown}
 f - a scroll of summoning {unknown}
 g - 2 scrolls of teleportation {unknown}
 l - a scroll of blinking {unknown}
 m - a scroll of immolation {unknown}
 o - a scroll of enchant weapon {unknown}
 p - a scroll of magic mapping {unknown}
 q - a scroll of poison {unknown}
 r - a scroll of noise {unknown}
 t - a scroll of butterflies {unknown}
Potions
 b - 2 potions of lignification
 c - a potion of brilliance {unknown}
 i - a potion of curing {unknown}
 j - a potion of invisibility {unknown}
 k - a potion of mutation {unknown}
 n - a potion of cancellation {unknown}
 s - a potion of resistance {unknown}


   Skills:
 - Level 1.1 Fighting
 - Level 2.6 Dodging
 + Level 5.1 Unarmed Combat
 - Level 3.0 Spellcasting
 - Level 4.0 Transmutations


You couldn't memorise any spells.
You knew the following spells:

 Your Spells              Type           Power      Damage    Failure   Level
a - Beastly Appendage     Tmut           26%        N/A       4%          1
b - Wereblood             Tmut           13%        N/A       6%          2
c - Spider Form           Tmut/Pois      7%         N/A       28%         3
d - Ice Form              Ice/Tmut       7%         N/A       67%         4

Your spell library contained the following spells:

 Spells                   Type           Power      Damage    Failure   Level
 Apportation              Tloc           4%         N/A       22%         1
 Freeze                   Ice            8%         1d3       22%         1
 Magic Dart               Conj           8%         1d3       22%         1
 Necrotise                Necr           8%         1d4       22%         1
 Summon Small Mammal      Summ           8%         N/A       22%         1
 Call Imp                 Summ           2%         N/A       32%         2
 Frozen Ramparts          Ice            4%         1d1       54%         3
 Gell's Gravitas          Tloc           2%         N/A       54%         3
 Lesser Beckoning         Tloc           2%         N/A       54%         3
 Mephitic Cloud           Conj/Pois/Air  2%         N/A       54%         3
 Teleport Other           Tloc           2%         N/A       54%         3
 Tukima's Dance           Hex            2%         N/A       54%         3
 Hailstorm                Conj/Ice       2%         3d3       91%         4
 Passage of Golubria      Tloc           2%         N/A       91%         4
 Yara's Violent Unravell  Hex/Tmut       3%         3d4       95%         5


Dungeon Overview and Level Annotations

Branches:
Dungeon (4/15)
 Temple: D:4-7

Altars:
Trog


Innate Abilities, Weirdness & Mutations

You have temporarily grown beastly horns.
((You are very nimble when in or above water. (Stealth+, EV+, Speed+++)))
Your lower body shifts to a powerful aquatic tail in water.


Message History

You kill the orc!
You feel very sick.
An orc wizard comes into view. It is wielding a +0 dagger.
You barely miss the orc wizard. Your headbutt misses the orc wizard.
The orc wizard is moderately wounded.
You feel sick.
An orc wizard comes into view. It is wielding a +0 dagger.
The orc wizard hits you with a +0 dagger.
You are too injured to fight recklessly!
The orc wizard attacks as you move away!
The orc wizard completely misses you.
You feel sick.
The orc wizard gestures wildly while chanting.
The orc wizard flickers and vanishes!
Deactivating autopickup; reactivate with Ctrl-A.
You feel sick.
You feel sick.
There is a stone staircase leading up here.
Your transformation is almost over.
You feel sick.
The orc wizard gestures at you while chanting.
You are confused.
You climb upwards.
Reactivating autopickup.
You feel sick.
There is a stone staircase leading down here.
You bump into the rock wall.
You feel sick.
The orc wizard gestures wildly while chanting.
The orc wizard flickers and vanishes!
Deactivating autopickup; reactivate with Ctrl-A.
You hit something but do no damage.
You feel sick.
You are no longer poisoned.
Something hits you.
* * * LOW HITPOINT WARNING * * *
You bump into the rock wall.
Something hits you.
* * * LOW HITPOINT WARNING * * *
You bump into the rock wall.
You hear some strange, mumbled words.
A magic dart appears from out of thin air!
The magic dart hits you!
You die...

#####...##...##.............#####
.......##.....##.................
.....###..###..###........###.###
..####...##)..## #.#.....## #....
##........##### #.##....# #####
..####...##.).## #.###...########
.....###..###..###.###...........
.......##....)##.{...........####
#####...##...###@#.###.#.###.##
....##...#####...#.##....##...##
.##.##รท..### ####..............#
..###...##.# ####...#....##....##
.......###.# #..........)#.......
##...###...# #)##.#.##.#.#.######
#####.....###.##.#.##.#.#.#
#.............#.##.#)#.##
#..^....................##


There were no monsters in sight!

Vanquished Creatures
  An iguana (D:3)
  6 adders
  A dart slug (D:1)
  2 orcs
  5 ball pythons
  3 bats
  5 endoplasms
  3 giant cockroaches
  4 goblins
  4 hobgoblins
  3 jackals (D:3)
  4 quokkas
  4 frilled lizards
  6 kobolds
  2 rats
53 creatures vanquished.

Vanquished Creatures (others)
  A plant (D:1)
1 creature vanquished.

Grand Total: 54 creatures vanquished

Notes
Turn   | Place    | Note
-------+----------+-------------------------------------------
     0 | D:1      | growler the Merfolk Transmuter began the quest for the Orb.
     0 | D:1      | Reached XP level 1. HP: 15/15 MP: 3/3
   339 | D:1      | Reached XP level 2. HP: 15/21 MP: 5/5
  1161 | D:1      | Found a faded altar of an unknown god.
  1237 | D:1      | Reached XP level 3. HP: 26/26 MP: 6/6
  1240 | D:1      | Learned a level 2 spell: Wereblood
  1244 | D:1      | Learned a level 3 spell: Spider Form
  2284 | D:2      | Reached skill level 4 in Unarmed Combat
  2416 | D:2      | Reached XP level 4. HP: 18/32 MP: 8/8
  3465 | D:3      | Found a bloodstained altar of Trog.
  3849 | D:3      | HP: 1/32 [iguana (14)]
  3851 | D:3      | Reached XP level 5. HP: 2/37 MP: 9/9
  3938 | D:3      | Reached skill level 5 in Unarmed Combat
  4432 | D:3      | Learned a level 4 spell: Ice Form
  4477 | D:3      | Killed from afar by an orc wizard

Illustrated notes

Levels and vault maps discovered:
D:1:      dpeg_arrival_stonehenge_8_columns, layout_basic,
          shapermc_ecumenical_altar_starsandcircs, serial_bayou,
          serial_bayou_shore_b, serial_bayou_pond_b, serial_bayou_lake_a,
          serial_bayou_pond_e
D:2:      layout_basic, nicolae_eternal_life, minmay_misc_feat_diagonals
D:3:      layout_loops_ring, lemuel_round_altar, minmay_puff
D:4:      layout_rooms, serial_shops, nicolae_shop_stone, nrook_mini_vaults,
          uniq_sigmund, uniq_edmund

Skill      XL: |  1  2  3  4  5 |
---------------+----------------+-----
Transmutations | 3 4 |  4.0
Unarmed Combat | 4 5 |  5.1
Spellcasting   | 3 |  3.0
Fighting       | |  1.1
Dodging        | |  2.6

Action                   |  1- 3 |  4- 6 || total
-------------------------+-------+-------++-------
Melee: Unarmed           |   136 |    89 ||   225
       Headbutt          |     3 |    12 ||    15
       Punch             |     2 |     2 ||     4
 Cast: Beastly Appendage |     7 |    15 ||    22
 Stab: Sleeping          |     1 |     1 ||     2
Armor: Robe              |    23 |    13 ||    36
Dodge: Dodged            |    73 |    45 ||   118
